 Dungeon Crawl Stone Soup version 0.27-a0-869-g165b36e3f0 (webtiles) character file.

Game seed: 13766652126640470691

9 robertstho the Sneak (level 2, -3/27 HPs)
             Began as a Minotaur Delver on Apr 2, 2021.
             Splashed by a jelly's acid (8 damage)
             ... on level 5 of the Dungeon.
             The game lasted 00:00:48 (290 turns).

robertstho the Sneak (Minotaur Delver)               Turns: 290, Time: 00:00:49

Health: -3/27      AC:  3    Str: 16    XL:     2   Next: 6%
Magic:  1/1        EV: 11    Int:  7    God:
Gold:   9          SH:  0    Dex: 11    Spells: 1/1 levels left

rFire    . . .     SeeInvis .   a - +0 hand axe
rCold    . . .     Faith    .   (no shield)
rNeg     . . .     Spirit   .   b - +0 leather armour
rPois    .         Reflect  .   (helmet restricted)
rElec    .         Harm     .   (no cloak)
rCorr    .         Rampage  .   (no gloves)
Will     .....                  (no boots)
Stlth    ++........             (no amulet)
HPRegen  0.09/turn              (no ring)
MPRegen  0.07/turn              (no ring)

@: no status effects
A: horns 2, retaliatory headbutt
a: no special abilities


You were on level 5 of the Dungeon.
You visited 1 branch of the dungeon, and saw 1 of its levels.

You collected 9 gold pieces.

Inventory:

Hand Weapons
 a - a +0 hand axe (weapon)
Armour
 b - a +0 leather armour (worn)
Wands
 g - a wand of digging (3)
Scrolls
 c - a scroll of fog
 e - a scroll of fear
Potions
 d - a potion of mutation {unknown}


   Skills:
 * Level 3.9 Fighting
 + Level 2.4 Axes
 * Level 0.6 Armour
 + Level 2.2 Dodging
 + Level 4.3 Stealth


You had one spell level left.
You didn't know any spells.
Your spell library was empty.

Dungeon Overview and Level Annotations

Branches:
Dungeon (5/15)             Temple (0/1) D:5

Altars:


Innate Abilities, Weirdness & Mutations

You have a pair of horns on your head.
You reflexively headbutt those who attack you in melee.


Message History

A gnoll comes into view. It is wielding a +0 flail.
A gnoll shaman comes into view. It is wielding a +0 club.
A bullfrog skeleton comes into view.
The bullfrog skeleton completely misses you.
The bullfrog skeleton hits you.
The bullfrog skeleton closely misses you.
You furiously retaliate!
You headbutt the bullfrog skeleton! The bullfrog skeleton hits you.
You feel yourself speed up.
The bullfrog skeleton completely misses you.
The bullfrog skeleton hits you.
Found 9 gold pieces.
You see here 9 gold pieces.
You now have 9 gold pieces.
Your extra speed is starting to run out.
You feel yourself slow down.
A jelly comes into view.
Found 15 gold pieces and a ring mail.
As you read the scroll of magic mapping, it crumbles to dust.
You feel aware of your surroundings.
A hound comes into view.
The jelly quivers.
The hound barks!
The hound misses you. You furiously retaliate!
You headbutt the hound! The hound barely misses you.
The hound closely misses you. The hound bites you.
The jelly jiggles.
The hound stops to sniff the ground.
Found a bubbling dark potion.
You see here a bubbling dark potion.
d - a bubbling dark potion The jelly hits you.
You are splashed with acid!
* * * LOW HITPOINT WARNING * * *
Found a stone staircase leading up.
There is a stone staircase leading up here.
The jelly hits you.
* * * LOW HITPOINT WARNING * * *
You are splashed with acid!
You die...

*,,,,#.*..#
#.***#.#...
#.#.*#.##.#
*...*#.##.#
**#.##.##.#
#........
#........
########
#........
#...@J.#
#........
##.#.#h#
#........ #,#.#.#
#.......[ *,#.#.#
#.#..####
*,#.#.######.#..#
*,#.#.#...hZ.#..#
*,#.#.#.######..#
*,#.#.#.######..#
*,*,#.#....Z.h..#


You could see a hound and a jelly.

Vanquished Creatures
  An adder (D:5)
1 creature vanquished.

Notes
Turn   | Place    | Note
-------+----------+-------------------------------------------
     0 | D:5      | robertstho the Minotaur Delver began the quest for the Orb.
     0 | D:5      | Reached XP level 1. HP: 19/19 MP: 0/0
    17 | D:5      | Reached XP level 2. HP: 8/27 MP: 1/1
   290 | D:5      | Splashed by a jelly's acid

Illustrated notes

Levels and vault maps discovered:
D:5:      layout_basic, minmay_temple_entry_mini_moons

Action                   || total
-------------------------++-------
Melee: Hand axe          ||     7
       Headbutt          ||     1
  Use: Scroll            ||     1
       Potion            ||     1
Armor: Leather armour    ||     3
Dodge: Dodged            ||    12

Table legend: (Time is in decaauts)
 A = Elapsed time spent in this place.
 B = Non-inter-level travel time spent in this place.
 C = Inter-level travel time spent in this place.
 D = Time resting spent in this place.
 E = Time spent auto-exploring this place.
 F = Levels seen in this place.
 G = Mean time per level.
                   A        B        C        D        E       F      G
               +--------+--------+--------+--------+--------+-----+--------+
         Total |    275 |    275 |      0 |    153 |      7 |   1 |  275.0 |
       Dungeon |    275 |    275 |      0 |    153 |      7 |   1 |  275.0 |
               +--------+--------+--------+--------+--------+-----+--------+

Top non-repeatable levels by time:
     D:5: 275 daAuts
